[ PARTIDA AOE2 · #457769881 ]
UnrankedMapuche vs Mongols
Equipo del jugador · VICT
Equipo rival · DERR
[ ANÁLISIS DE REPETICIÓN · EXTRAÍDO DE LA PARTIDA GRABADA ]
Feudal
12:31
Castillos
19:09
Imperial
—
| APM promedio | 38.3 |
| APM pico | 67 |
| eAPM promedio | 14.0 |
| Aldeanos / militares | 34 / 11 |
Foco
⚔️ 22.8% · 🌾 77.2%
Skirmisher ×8 · Kona ×3 · Unknown (2550) ×3
Feudal
8:03
Castillos
20:31
Imperial
—
| APM promedio | 55.9 |
| APM pico | 87 |
| eAPM promedio | 25.2 |
| Aldeanos / militares | 41 / 17 |
Foco
⚔️ 30.8% · 🌾 69.2%
Archer ×16 · Skirmisher ×1
Mapa de la partida
Recursos iniciales + cada clic de construcción. Líneas = muros · curvas = relieve. ◆ oro · ⬟ piedra · ● bayas · ✦ reliquia · ◌ hueco del cierre
Tu base· Abierta — flanco sin cerrar
Base de [XEVER] El Ti Rex· Abierta — hueco de 5t
Terreno inicial suavizado · ◌ = hueco del cierre detectado · pasá el cursor para detalles
Inputs por minuto
— DS_SeñorJusticiero - - [XEVER] El Ti Rex
Build order — DS_SeñorJusticiero
86 acciones detectadas en el replay
| 0:00 | Crear | Villager (Male) |
| 0:01 | Crear | Villager (Male) |
| 0:02 | Construir | House |
| 0:03 | Construir | House |
| 0:08 | Crear | Villager (Male) |
| 0:08 | Crear | Villager (Male) |
| 1:19 | Investigar | Loom |
| 1:34 | Crear | Villager (Male) |
| 2:15 | Crear | Villager (Male) |
| 2:43 | Construir | Barracks |
| 2:45 | Construir | House |
| 2:49 | Crear | Villager (Male) |
| 2:50 | Crear | Villager (Male) |
| 3:37 | Crear | Villager (Male) |
| 3:55 | Crear | Unit 2550 |
| 4:14 | Crear | Unit 2550 |
| 4:25 | Construir | House |
| 4:32 | Crear | Villager (Male) |
| 5:11 | Crear | Villager (Male) |
| 5:19 | Crear | Villager (Male) |
| 5:26 | Construir | Settlement |
| 5:33 | Crear | Villager (Male) |
| 5:42 | Crear | Villager (Male) |
| 6:14 | Crear | Villager (Male) |
| 7:08 | Crear | Villager (Male) |
| 7:47 | Crear | Villager (Male) |
| 7:53 | Crear | Villager (Male) |
| 8:00 | Crear | Villager (Male) |
| 8:16 | Crear | Villager (Male) |
| 8:24 | Construir | Settlement |
| 8:32 | Crear | Unit 2550 |
| 9:03 | Crear | Villager (Male) |
| 9:55 | Crear | Villager (Male) |
| 10:16 | Construir | Settlement |
| 10:21 | Investigar | Feudal Age |
| 10:30 | Construir | Farm |
| 10:50 | Construir | Farm |
| 11:06 | Crear | Villager (Male) |
| 12:12 | Construir | Farm |
| 12:29 | Crear | Villager (Male) |
| 12:31 | Edad | Edad Feudal |
| 12:33 | Crear | Skirmisher |
| 12:33 | Crear | Skirmisher |
| 13:17 | Construir | Blacksmith |
| 13:18 | Crear | Villager (Male) |
| 13:42 | Crear | Skirmisher |
| 13:43 | Crear | Villager (Male) |
| 14:03 | Crear | Villager (Male) |
| 14:15 | Construir | House |
| 14:16 | Crear | Villager (Male) |
| 14:49 | Crear | Skirmisher |
| 14:55 | Investigar | Padded Archer Armor |
| 14:56 | Crear | Villager (Male) |
| 15:15 | Construir | Market |
| 15:18 | Construir | Palisade Wall |
| 15:22 | Crear | Villager (Male) |
| 16:29 | Investigar | Castle Age |
| 16:34 | Construir | Farm |
| 16:38 | Construir | Farm |
| 16:40 | Construir | Farm |
| 16:49 | Crear | Skirmisher |
| 17:31 | Crear | Skirmisher |
| 17:31 | Crear | Skirmisher |
| 17:35 | Crear | Villager (Male) |
| 17:38 | Construir | Farm |
| 17:39 | Construir | Farm |
| 17:39 | Construir | Farm |
| 17:39 | Construir | Farm |
| 18:04 | Construir | Farm |
| 18:10 | Crear | Skirmisher |
| 18:20 | Construir | House |
| 18:20 | Construir | Palisade Wall |
| 18:27 | Construir | House |
| 18:28 | Construir | Palisade Wall |
| 18:32 | Crear | Villager (Male) |
| 19:09 | Edad | Edad de los Castillos |
| 19:11 | Construir | Castle |
| 19:40 | Crear | Villager (Male) |
| 19:42 | Crear | Villager (Male) |
| 20:10 | Crear | Kona |
| 20:21 | Construir | Farm |
| 20:22 | Construir | Farm |
| 20:29 | Crear | Kona |
| 20:30 | Crear | Kona |
| 20:40 | Construir | House |
| 20:53 | Construir | Settlement |
Build order — [XEVER] El Ti Rex
125 acciones detectadas en el replay
| 0:00 | Crear | Villager (Male) |
| 0:02 | Construir | House |
| 0:03 | Construir | House |
| 0:12 | Crear | Villager (Male) |
| 0:17 | Crear | Villager (Male) |
| 0:22 | Crear | Villager (Male) |
| 1:29 | Crear | Villager (Male) |
| 1:49 | Construir | Lumber Camp |
| 2:01 | Crear | Villager (Male) |
| 2:01 | Crear | Villager (Male) |
| 2:09 | Construir | House |
| 2:10 | Construir | Palisade Wall |
| 2:24 | Crear | Villager (Male) |
| 3:01 | Crear | Villager (Male) |
| 3:25 | Crear | Villager (Male) |
| 3:41 | Crear | Villager (Male) |
| 4:23 | Crear | Villager (Male) |
| 4:54 | Construir | Mill |
| 5:01 | Crear | Villager (Male) |
| 5:04 | Investigar | Loom |
| 5:13 | Construir | Palisade Wall |
| 5:14 | Construir | Palisade Wall |
| 5:26 | Crear | Villager (Male) |
| 5:53 | Investigar | Feudal Age |
| 6:23 | Construir | Palisade Wall |
| 6:32 | Construir | Palisade Gate |
| 7:09 | Construir | House |
| 7:12 | Construir | House |
| 7:19 | Construir | House |
| 7:53 | Construir | Barracks |
| 8:03 | Edad | Edad Feudal |
| 8:05 | Crear | Villager (Male) |
| 8:08 | Investigar | Double-Bit Axe |
| 8:31 | Construir | Palisade Wall |
| 8:32 | Construir | Palisade Wall |
| 8:34 | Crear | Villager (Male) |
| 8:42 | Crear | Villager (Male) |
| 9:01 | Crear | Villager (Male) |
| 9:07 | Construir | Archery Range |
| 9:25 | Crear | Villager (Male) |
| 9:35 | Construir | Mining Camp |
| 9:38 | Construir | Palisade Wall |
| 9:40 | Construir | Palisade Wall |
| 9:41 | Construir | Palisade Wall |
| 9:42 | Construir | Palisade Wall |
| 9:51 | Crear | Archer |
| 9:57 | Crear | Villager (Male) |
| 10:20 | Construir | Palisade Wall |
| 10:21 | Construir | Palisade Wall |
| 10:28 | Crear | Villager (Male) |
| 10:43 | Crear | Villager (Male) |
| 10:49 | Construir | Farm |
| 10:58 | Crear | Archer |
| 11:14 | Crear | Villager (Male) |
| 11:29 | Construir | Farm |
| 11:44 | Crear | Villager (Male) |
| 11:44 | Crear | Archer |
| 11:56 | Crear | Villager (Male) |
| 11:58 | Construir | House |
| 12:03 | Crear | Archer |
| 12:09 | Crear | Villager (Male) |
| 12:11 | Construir | Farm |
| 12:17 | Crear | Skirmisher |
| 12:27 | Construir | House |
| 12:32 | Crear | Archer |
| 12:40 | Construir | House |
| 12:43 | Crear | Villager (Male) |
| 12:58 | Construir | Palisade Gate |
| 13:07 | Crear | Villager (Male) |
| 13:16 | Construir | Farm |
| 13:18 | Construir | Farm |
| 13:24 | Crear | Archer |
| 13:39 | Construir | Farm |
| 13:40 | Construir | Farm |
| 13:46 | Crear | Archer |
| 13:47 | Crear | Villager (Male) |
| 13:51 | Construir | House |
| 13:57 | Construir | Palisade Gate |
| 14:05 | Construir | House |
| 14:10 | Construir | House |
| 14:15 | Crear | Villager (Male) |
| 14:16 | Crear | Archer |
| 14:21 | Construir | Farm |
| 14:31 | Crear | Archer |
| 14:31 | Crear | Villager (Male) |
| 14:36 | Construir | Palisade Wall |
| 14:53 | Crear | Villager (Male) |
| 15:01 | Construir | Farm |
| 15:03 | Construir | Farm |
| 15:20 | Crear | Villager (Male) |
| 15:33 | Construir | Blacksmith |
| 15:36 | Construir | Palisade Wall |
| 15:38 | Crear | Archer |
| 15:39 | Crear | Villager (Male) |
| 16:12 | Crear | Archer |
| 16:15 | Construir | Farm |
| 16:17 | Investigar | Fletching |
| 16:22 | Crear | Villager (Male) |
| 16:25 | Crear | Archer |
| 16:41 | Construir | Farm |
| 16:42 | Crear | Villager (Male) |
| 17:11 | Investigar | Fletching |
| 17:18 | Construir | Watch Tower |
| 17:21 | Crear | Villager (Male) |
| 17:30 | Crear | Archer |
| 17:42 | Construir | House |
| 17:51 | Investigar | Castle Age |
| 17:53 | Construir | Farm |
| 17:55 | Crear | Archer |
| 18:03 | Crear | Archer |
| 18:31 | Construir | House |
| 18:31 | Construir | House |
| 18:38 | Investigar | Gold Mining |
| 18:43 | Investigar | Horse Collar |
| 18:53 | Investigar | Fletching |
| 19:14 | Construir | Farm |
| 19:47 | Crear | Villager (Male) |
| 19:54 | Crear | Villager (Male) |
| 20:11 | Construir | Mining Camp |
| 20:17 | Crear | Villager (Male) |
| 20:20 | Crear | Archer |
| 20:31 | Edad | Edad de los Castillos |
| 20:34 | Investigar | Crossbowman (upgrade) |
| 20:39 | Investigar | Bodkin Arrow |
| 20:42 | Crear | Villager (Male) |
Cronología de la partida
| 2:10 | [XEVER] El Ti Rex · wall_segment Palisade Wall x1 |
| 2:43 | DS_SeñorJusticiero · first_building Barracks |
| 5:13 | [XEVER] El Ti Rex · wall_segment Palisade Wall x1 |
| 5:14 | [XEVER] El Ti Rex · wall_segment Palisade Wall x1 |
| 6:23 | [XEVER] El Ti Rex · wall_segment Palisade Wall x1 |
| 7:53 | [XEVER] El Ti Rex · first_building Barracks |
| 8:03 | [XEVER] El Ti Rex · age_up feudal |
| 8:31 | [XEVER] El Ti Rex · wall_segment Palisade Wall x1 |
| 8:32 | [XEVER] El Ti Rex · wall_segment Palisade Wall x1 |
| 9:07 | [XEVER] El Ti Rex · first_building Archery Range |
| 9:38 | [XEVER] El Ti Rex · wall_segment Palisade Wall x1 |
| 9:40 | [XEVER] El Ti Rex · wall_segment Palisade Wall x1 |
| 9:41 | [XEVER] El Ti Rex · wall_segment Palisade Wall x1 |
| 9:42 | [XEVER] El Ti Rex · wall_segment Palisade Wall x1 |
| 10:20 | [XEVER] El Ti Rex · wall_segment Palisade Wall x1 |
| 10:21 | [XEVER] El Ti Rex · wall_segment Palisade Wall x1 |
| 12:31 | DS_SeñorJusticiero · age_up feudal |
| 14:36 | [XEVER] El Ti Rex · wall_segment Palisade Wall x18 |
| 15:18 | DS_SeñorJusticiero · wall_segment Palisade Wall x2 |
| 15:36 | [XEVER] El Ti Rex · wall_segment Palisade Wall x1 |
| 16:23 | DS_SeñorJusticiero · first_market_sell 100 stone |
| 18:20 | DS_SeñorJusticiero · wall_segment Palisade Wall x7 |
| 18:28 | DS_SeñorJusticiero · wall_segment Palisade Wall x14 |
| 19:09 | DS_SeñorJusticiero · age_up castle |
| 19:11 | DS_SeñorJusticiero · first_building Castle |
| 20:31 | [XEVER] El Ti Rex · age_up castle |
| 20:50 | DS_SeñorJusticiero · first_market_buy 100 wood |
| 21:12 | [XEVER] El Ti Rex · resign |
[ ANÁLISIS IA · 1 CRÉDITO ]
¿Qué pasó realmente en esta partida?
Wolo.gg analiza cada decisión: build order, eco, micro, errores típicos por bracket. Análisis personalizado por WhatsApp o Discord en 30 segundos.
Guía civ
Mapuche
Perfil
Jugador #9570305